 Dungeon Crawl Stone Soup version 0.28.0 (webtiles) character file.

Game seed: 3617971260149536836

2425 freelancePsychic the Skirmisher (level 9, -12/72 HPs)
             Began as a Palentonga Hedge Wizard on Feb 8, 2022.
             Was an Initiate of Cheibriados.
             Mangled by an orc warrior (14 damage)
             ... on level 7 of the Dungeon.
             The game lasted 00:14:36 (8519 turns).

freelancePsychic the Skirmisher (PaWz)              Turns: 8519, Time: 00:14:37

Health: -12/72     AC: 17    Str: 13 (14) XL:     9   Next: 24%
Magic:  16/16      EV:  5    Int: 20 (21) God:    Cheibriados [......]
Gold:   348        SH:  9    Dex:  7 (10) Spells: 14/18 levels left

rFire   + . .      SeeInvis +   b - +8 hunting sling of Hell's Wrath {vorpal, rElec rF+ Stlth+}
rCold   + . .      Faith    .   l - +1 kite shield
rNeg    . . .      Spirit   .   F - +3 scale mail {rC+}
rPois   .          Reflect  .   c - +0 hat
rElec   +          Harm     .   (no cloak)
rCorr   .          Rampage  .   H - +0 pair of gloves
Will    .....                   (no barding)
Stlth   +.........              (no amulet)
HPRegen 0.22/turn               g - ring of flight
MPRegen 0.15/turn               (no ring)

@: attractive, flying, curled up, very slow
A: large, rugged brown scales 3, see invisible, deformed body, roll 1, armoured
tail, reflexive curl
a: Rolling Charge, Renounce Religion


You were on level 7 of the Dungeon.
You worshipped Cheibriados.
Cheibriados was noncommittal.
You visited 2 branches of the dungeon, and saw 8 of its levels.

You collected 348 gold pieces.

Inventory:

Hand Weapons
 a - a +1 dagger
 b - the +8 hunting sling of Hell's Wrath (weapon) {vorpal, rElec rF+ Stlth+}
   (You found it on level 3 of the Dungeon)

   Any ammunition fired from it inflicts extra damage upon your enemies.
   rF:        It protects you from fire.
   rElec:     It insulates you from electricity.
   Stlth:     It makes you more stealthy.
Missiles
 p - 83 stones (quivered ammo)
 z - 5 poisoned darts
Armour
 c - a +0 hat (worn)
 l - a +1 kite shield (worn)
 o - a +0 robe
 F - a +3 scale mail of cold resistance (worn)
 H - a +0 pair of gloves (worn)
Jewellery
 g - a ring of flight (left hand)
 D - a ring of poison resistance
 G - a ring of ice
Wands
 t - a wand of flame (38)
 w - a wand of digging (6)
Scrolls
 d - 6 scrolls of enchant weapon
 h - a scroll of fog {unknown}
 m - 4 scrolls of amnesia
 n - a scroll of enchant armour
 u - a scroll of torment {unknown}
 v - a scroll of teleportation {unknown}
 x - a scroll of holy word {unknown}
 y - 3 scrolls of blinking
 A - 4 scrolls of noise
 B - a scroll of magic mapping {unknown}
 C - a scroll of brand weapon
Potions
 e - a potion of berserk rage {unknown}
 i - 2 potions of flight {unknown}
 j - a potion of attraction
 k - 3 potions of degeneration
 q - a potion of might {unknown}
 r - 2 potions of haste {unknown}
 s - 2 potions of curing {unknown}
 E - a potion of lignification {unknown}


   Skills:
 + Level 5.5 Fighting
 - Level 5.0 Slings
 - Level 1.5 Dodging
 - Level 1.2 Stealth
 + Level 4.6 Shields
 + Level 5.2 Spellcasting
 - Level 4.2 Conjurations
 - Level 0.7 Summonings
 - Level 1.0 Translocations


You had 14 spell levels left.
You knew the following spells:

 Your Spells              Type           Power      Damage    Failure   Level
a - Magic Dart            Conj           88%        1d7       22%         1
b - Mephitic Cloud        Conj/Pois/Air  10%        N/A       91%         3

Your spell library contained the following spells:

 Spells                   Type           Power      Damage    Failure   Level
 Foxfire                  Conj/Fire      52%        2x1d6     50%         1
 Apportation              Tloc           18%        N/A       65%         1
 Summon Small Mammal      Summ           32%        N/A       67%         1
 Animate Skeleton         Necr           10%        N/A       78%         1
 Slow                     Hex            20%        N/A       78%         1
 Blink                    Tloc           18%        N/A       78%         2
 Call Imp                 Summ           8%         N/A       82%         2
 Conjure Flame            Conj/Fire      13%        6-21      86%         3
 Corpse Rot               Necr/Air       10%        N/A       89%         2
 Ensorcelled Hibernation  Hex/Ice        10%        N/A       89%         2
 Poisonous Vapours        Pois/Air       10%        N/A       89%         2
 Inner Flame              Hex/Fire       5%         N/A       98%         3
 Spider Form              Tmut/Pois      5%         N/A       98%         3
 Flame Wave               Conj/Fire      13%        2d6       99%         4
 Anguish                  Hex/Necr       2%         N/A       100%        4


Dungeon Overview and Level Annotations

Branches:
Dungeon (7/15)             Temple (1/1) D:7

Altars:
Ashenzari
Cheibriados
Dithmenos
Elyvilon
Nemelex Xobeh
Ru
Trog
Yredelemnul
Zin
The Shining One

Shops:
D:4 *


Innate Abilities, Weirdness & Mutations

You are completely covered in rugged brown scales. (AC +3, +7% HP)
You have supernaturally acute eyesight. (SInv)
Armour fits poorly on your strangely shaped body.
You can roll at nearby foes to attack.
You have a long armoured tail.
You curl defensively after being hit. (AC +7*)


Message History

The poisoned dart closely misses the orc warrior.
The poisoned dart hits the orc.
The orc is heavily wounded.
The orc warrior hits you from afar with a +0 glaive!
Fire: 86 stones
Press: ? - help, Q - select action, (/) - cycle Shift-Dir - straight line, f/p - orc warrior
Aim: an orc warrior, wielding a +0 glaive and wearing a +0 plate armour (moderately wounded, poisoned, 69% to hit)
You shoot a stone. The stone hits the orc warrior.
The orc warrior is heavily wounded.
The orc warrior closely misses you.
You are too injured to fight recklessly!
Fire: 85 stones
Press: ? - help, Q - select action, (/) - cycle Shift-Dir - straight line, f/p - orc warrior
Aim: an orc warrior, wielding a +0 glaive and wearing a +0 plate armour (severely wounded, poisoned, 69% to hit)
You shoot a stone.
The stone hits the orc warrior but does no damage.
The orc warrior is severely wounded.
You block the orc warrior's attack.
The orc warrior hits you from afar with a +0 glaive!
* * * LOW HITPOINT WARNING * * *
It was a potion of degeneration.
There was something very wrong with that liquid.
You feel weakened.
You feel dopey.
You feel clumsy. You block the orc warrior's attack.
Fire: 84 stones
Press: ? - help, Q - select action, (/) - cycle Shift-Dir - straight line, f/p - orc warrior
Aim: an orc warrior, wielding a +0 glaive and wearing a +0 plate armour (severely wounded, poisoned, 67% to hit)
You shoot a stone.
The stone closely misses the orc warrior.
The stone hits the orc but does no damage.
The orc is almost dead.
You kill the orc!
Cheibriados appreciates the change of pace.
The orc warrior hits you from afar with a +0 glaive!
* * * LOW HITPOINT WARNING * * *
It was a potion of attraction.
You feel attractive to monsters.
The orc warrior looks more healthy.
The orc warrior hits you from afar with a +0 glaive!
You die...

.^.(.(#.# ..^((....
.^... #.#(. .(. .....
..#(. ... ..(.
....#..o. o#... .o.
####################)#
...†............@.ooo#
...#.8###.8###.8###$8#
##'###################
.....................##
≈≈≈≈≈≈≈≈≈≈≈≈≈≈≈≈≈≈≈≈≈≈#
≈≈≈≈≈≈†≈≈≈≈≈≈≈≈≈≈≈≈≈≈≈#
.....................##
##################.###
##..## ##..###.##


You could see an orc warrior, an orc priest and an orc.

Vanquished Creatures
  Grinder (D:3)
  Menkaure (D:6)
  Edmund (D:4)
  2 water moccasins (D:7)
  An ice beast (D:5)
  2 sky beasts (D:7)
  A black bear (D:5)
  2 ogres
  A necrophage (D:6)
  A kobold brigand (D:6)
  3 scorpions
  2 water moccasin zombies (D:5)
  2 electric eels (D:7)
  2 jellies
  A centaur zombie (D:7)
  A gnoll shaman (D:7)
  2 bullfrog skeletons
  3 orc priests
  A hound (D:6)
  A centaur skeleton (D:6)
  Ijyb (D:5)
  3 iguanas
  3 orc wizards
  A scorpion zombie (D:5)
  A hound skeleton (D:4)
  A howler monkey zombie (D:7)
  3 adders
  2 gnolls (D:7)
  A howler monkey skeleton (D:7)
  2 white imps
  An ufetubus (D:6)
  3 adder skeletons (D:4)
  3 dart slugs
  4 worms
  9 orcs
  2 endoplasms (D:3)
  3 giant cockroaches
  10 hobgoblins
  5 jackals (D:1)
  A quokka (D:5)
  7 ball pythons
  2 bats (D:3)
  6 frilled lizards
  5 goblins
  13 kobolds
  3 rats
126 creatures vanquished.

Notes
Turn   | Place    | Note
-------+----------+-------------------------------------------
     0 | D:1      | freelancePsychic the Palentonga Hedge Wizard began the
                  | quest for the Orb.
     0 | D:1      | Reached XP level 1. HP: 13/13 MP: 4/4
   134 | D:1      | Reached skill level 1 in Conjurations
   366 | D:1      | Reached XP level 2. HP: 8/20 MP: 0/6
  1522 | D:2      | Reached XP level 3. HP: 25/25 MP: 1/8
  2531 | D:3      | Noticed an ogre
  2933 | D:3      | Identified the +8 hunting sling of Hell's Wrath {vorpal,
                  | rElec rF+ Stlth+}
  3561 | D:3      | Reached XP level 4. HP: 32/32 MP: 9/9
  3827 | D:3      | Killed an ogre
  3828 | D:3      | Reached XP level 5. HP: 37/37 MP: 9/11
  3890 | D:3      | Noticed Grinder
  3898 | D:3      | Killed Grinder
  3899 | D:3      | Reached skill level 5 in Spellcasting
  3899 | D:3      | Reached XP level 6. HP: 29/43 MP: 11/13
  4244 | D:4      | Noticed Edmund
  4946 | D:5      | Entered Level 5 of the Dungeon
  4964 | D:5      | Found a glowing silver altar of Zin.
  4969 | D:5      | Noticed an ice beast
  4983 | D:5      | Killed an ice beast
  4984 | D:5      | Reached skill level 1 in Fighting
  4984 | D:5      | Reached skill level 1 in Slings
  4984 | D:5      | Reached skill level 1 in Shields
  4984 | D:5      | Gained mutation: You curl defensively after being hit. (AC
                  | +7*) [Palentonga growth]
  4984 | D:5      | Reached XP level 7. HP: 51/51 MP: 14/14
  5708 | D:5      | Noticed Ijyb
  5717 | D:5      | Killed Ijyb
  5768 | D:5      | Reached XP level 8. HP: 60/60 MP: 15/15
  6282 | D:6      | Noticed Menkaure
  6284 | D:6      | Killed Menkaure
  6980 | D:4      | Found Gokuripy's Assorted Antiques.
  7236 | D:4      | Killed Edmund
  7863 | D:7      | Reached skill level 5 in Slings
  7968 | D:7      | Found a staircase to the Ecumenical Temple.
  7989 | Temple   | Entered the Ecumenical Temple
  8141 | Temple   | Became a worshipper of Cheibriados the Contemplative
  8180 | D:7      | Reached XP level 9. HP: 70/70 MP: 16/16
  8291 | D:7      | Reached skill level 5 in Fighting
  8437 | D:7      | Learned a level 3 spell: Mephitic Cloud
  8518 | D:7      | HP: 1/72 [orc warrior (16)]
  8519 | D:7      | Mangled by an orc warrior

Illustrated notes

Levels and vault maps discovered:
D:1:      saegor_arrival_miasma, layout_loops_ring, minmay_tiny_reverse_x
D:2:      layout_loops_corners, due_unseen_surprise
D:3:      layout_basic, uniq_grinder
D:4:      layout_loops_ring, serial_shops, nicolae_shop_trees, uniq_edmund
D:5:      layout_loops_cross, kennysheep_mini_moat, kennysheep_nondescript,
          kennysheep_doodads, uniq_ijyb
D:6:      layout_rooms, nrook_mini_backslash, minivault_22,
          grunt_decor_junction, uniq_menkaure
D:7:      wad_river_or_something, layout_basic, minmay_temple_entry_slanted,
          hangedman_decor_slide_cut, minmay_holes, grunt_tough_drop
Temple:   nicolae_temple_figure_zero

Skill      XL: |  1  2  3  4  5  6  7  8  9 |
---------------+----------------------------+-----
Conjurations   | 1 2 3 4 |  4.2
Spellcasting   | 4 5 |  5.2
Fighting       | 1 2 4 5 |  5.5
Slings         | 1 3 5 |  5.0
Shields        | 1 2 3 4 |  4.6
Dodging        | |  1.5
Stealth        | |  1.2
Summonings     | |  0.7
Translocations | |  1.0

Action                   |  1- 3 |  4- 6 |  7- 9 || total
-------------------------+-------+-------+-------++-------
Melee: Dagger            |    72 |       |       ||    72
       Tailslap          |     9 |       |       ||     9
       Punch             |     1 |       |       ||     1
 Fire: Hunting sling     |     8 |    60 |   243 ||   311
Throw: Dart              |       |       |     3 ||     3
 Cast: Magic Dart        |    74 |       |       ||    74
 Abil: Rolling Charge    |     4 |       |       ||     4
  Use: Scroll            |       |       |     6 ||     6
       Potion            |       |       |     2 ||     2
Armor: Robe              |    26 |     2 |    10 ||    38
       Scale mail        |       |       |    13 ||    13
Dodge: Dodged            |    46 |     6 |    38 ||    90
Block: Kite shield       |       |       |     5 ||     5
